 Dungeon Crawl Stone Soup version 0.24.0-13-gcf9b3192b9 (webtiles) character file.

Game seed: 15314149643802934265, levelgen mode: deterministic

47 Granthy the Skirmisher (level 3, 0/34 HPs)
             Began as a Minotaur Fighter on Nov 10, 2019.
             Slain by a gnoll
             ... wielding a +0 halberd
              (8 damage)
             ... on level 2 of the Dungeon.
             The game lasted 00:01:52 (690 turns).

Granthy the Skirmisher (Minotaur Fighter)            Turns: 690, Time: 00:01:53

Health: 0/34       AC:  8    Str: 21    XL:     3   Next: 48%
Magic:  2/2        EV:  7    Int:  5    God:
Gold:   33         SH:  9    Dex:  9    Spells: 2/2 levels left

rFire    . . .     SeeInvis .   a - +0 war axe
rCold    . . .     Gourm    .   c - +0 shield
rNeg     . . .     Faith    .   b - +0 scale mail
rPois    .         Spirit   .   (helmet restricted)
rElec    .         Reflect  .   (no cloak)
rCorr    .         Harm     .   k - +0 pair of gloves
MR       .....                  (no boots)
Stlth    ..........             (no amulet)
HPRegen  0.11/turn              (no ring)
MPRegen  0.08/turn              (no ring)

@: no status effects
A: retaliatory headbutt, horns 2
a: no special abilities


You were on level 2 of the Dungeon.
You were not hungry.

You visited 1 branch of the dungeon, and saw 2 of its levels.

You collected 33 gold pieces.

Inventory:

Hand Weapons
 a - a +0 war axe (weapon)
Armour
 b - a +0 scale mail (worn)
 c - a +0 shield (worn)
 k - a +0 pair of gloves (worn)
Scrolls
 j - a scroll of enchant armour {unknown}
 l - a scroll of random uselessness {unknown}
 m - a scroll of amnesia {unknown}
Potions
 d - a potion of might
 e - 2 potions of heal wounds {unknown}
 g - a potion of invisibility {unknown}
 i - a potion of resistance {unknown}
Comestibles
 f - a ration
 h - 9 chunks of flesh


   Skills:
 + Level 4.6 Fighting
 + Level 3.7 Axes
 - Level 3.7 Armour
 - Level 3.6 Shields


You had 2 spell levels left.
You didn't know any spells.
Your spell library was empty.

Dungeon Overview and Level Annotations

Branches:
Dungeon (2/15)

Altars:


Innate Abilities, Weirdness & Mutations

You reflexively headbutt those who attack you in melee.
You have a pair of horns on your head.


Message History

You kill the jackal!
You hit the gnoll. The gnoll hits you with a +0 spear. The gnoll hits you.
* * * LOW HITPOINT WARNING * * *
The gnoll hits you but does no damage. The adder bites you but does no damage.
You block the gnoll's attack. You block the jackal's attack.
The gnoll hits you but does no damage. The jackal barely misses you.
The gnoll hits you but does no damage.
Found a stone staircase leading down.
You hit the jackal but do no damage. You hit the gnoll. You miss the adder.
You block the adder's attack.
The jackal bites you but does no damage.
The adder bites you but does no damage. The gnoll hits you but does no damage.
The jackal bites you but does no damage.
You closely miss the jackal.
The jackal barks!
You headbutt the jackal.
You kill the jackal!
You slash the gnoll! You slash the adder! The adder closely misses you.
The gnoll hits you from afar with a +0 halberd!
You die...

..## ... . ..##.
...> ..#
.########g.#
.......@gg.#
.#######Sg##
#h####
.......#(..#
.######.##.# #
#.##.# #. #.##.#
##.# ####.##.#
####...##.......#


You could see 4 gnolls, an adder and a jackal.

Vanquished Creatures
  A gnoll (D:1)
  An adder (D:2)
  2 dart slugs
  A leopard gecko (D:2)
  2 giant cockroaches
  4 hobgoblins
  2 jackals (D:2)
  A bat (D:1)
  2 goblins
  3 kobolds
  6 rats
25 creatures vanquished.

Notes
Turn   | Place    | Note
-------+----------+-------------------------------------------
     0 | D:1      | Granthy the Minotaur Fighter began the quest for the Orb.
     0 | D:1      | Reached XP level 1. HP: 19/19 MP: 0/0
   117 | D:1      | Reached skill level 4 in Fighting
   149 | D:1      | Reached XP level 2. HP: 23/27 MP: 1/1
   592 | D:2      | Reached XP level 3. HP: 30/34 MP: 2/2
   690 | D:2      | Slain by a gnoll

Levels and vault maps discovered:
D:1:      matt_arrival_refuge, layout_rooms, hangedman_decor_growths
D:2:      layout_loops_ring

Skill      XL: |  1  2 |
---------------+-------+-----
Fighting       | 4 |  4.6
Axes           | 3 |  3.7
Armour         | |  3.7
Shields        | |  3.6

Action                   || total
-------------------------++-------
Melee: War axe           ||    62
       Headbutt          ||     9
Armor: Scale mail        ||    26
Dodge: Dodged            ||    28
Block: Shield            ||    42
